 Dungeon Crawl Stone Soup version 0.25-a0-731-g0472a16d6a (webtiles) character file.

Game seed: 99439725433624033, levelgen mode: deterministic

92 Amnesiac the Magician (level 4, -8/24 HPs)
             Began as a Deep Elf Wizard on Apr 8, 2020.
             Killed by divine providence
             ... invoked by an orc priest
              (9 damage)
             ... on level 4 of the Dungeon.
             The game lasted 00:02:46 (1082 turns).

Amnesiac the Magician (Deep Elf Wizard)             Turns: 1082, Time: 00:02:46

Health: -8/24      AC:  3    Str:  4    XL:     4   Next: 35%
Magic:  8/15       EV: 13    Int: 24    God:
Gold:   51         SH:  0    Dex: 13    Spells: 6/17 levels left

rFire    . . .     SeeInvis .   (no weapon)
rCold    . . .     Gourm    .   (no shield)
rNeg     . . .     Faith    .   a - +0 robe
rPois    .         Spirit   .   (no helmet)
rElec    .         Reflect  .   (no cloak)
rCorr    .         Harm     .   (no gloves)
MR       .....                  b - +0 pair of boots
Stlth    ++........             (no amulet)
HPRegen  0.08/turn              (no ring)
MPRegen  0.14/turn              (no ring)

@: about to teleport
A: no striking features
a: no special abilities


You were on level 4 of the Dungeon.
You were not hungry.

You visited 1 branch of the dungeon, and saw 5 of its levels.

You collected 51 gold pieces.

Inventory:

Missiles
 i - 30 poisoned darts (quivered)
Armour
 a - a +0 robe (worn)
 b - a +0 pair of boots (worn)
Scrolls
 e - a scroll of blinking {!r, unknown}
 f - 2 scrolls of identify {!r, unknown}
 k - a scroll of teleportation {!r}
Potions
 c - a potion of curing {!q, unknown}
 h - 2 potions of magic {!q, unknown}
 j - a potion of lignification {!q, unknown}
 l - a potion of heal wounds {!q, unknown}
Comestibles
 d - 4 rations
 g - a chunk of flesh


   Skills:
 - Level 2.4 Dodging
 - Level 2.4 Stealth
 + Level 7.2 Spellcasting
 - Level 1.1 Conjurations
 - Level 1.1 Summonings
 - Level 1.1 Translocations


You had 6 spell levels left.
You knew the following spells:

 Your Spells              Type           Power        Failure   Level  Hunger
a - Magic Dart            Conj           ##..         4%          1    None
b - Call Imp              Summ           ##......     7%          2    None
e - Mephitic Cloud        Conj/Pois/Air  ##......     19%         3    None
s - Conjure Flame         Conj/Fire      ##......     17%         3    None
v - Blink                 Tloc           N/A          7%          2    None

Your spell library contained the following spells:

 Spells                   Type           Power        Failure   Level  Hunger
 Slow                     Hex            #.......     11%         2    None


Dungeon Overview and Level Annotations

Branches:
Dungeon (5/15)
 Temple: D:4-7

Altars:

Annotations:
D:3 Terence


Message History

g - Guard the area. f - Follow me.
Anything else - Cancel.
Gang up on whom?
Press: ? - help, Dir - move target cursor, f/p - orc wizard
Aim: an orc wizard, wielding a +0 dagger and wearing a +0 robe (lightly wounded) Attack!
Your crimson imp blinks!
The worker ant misses you.
Casting: Magic Dart (safe; 4% risk of failure)
Confirm with . or Enter, or press ? or * to list all spells.
A beastly little devil appears in a puff of flame.
The orc priest misses your crimson imp.
Something hits your crimson imp but does no damage.
The worker ant barely misses you.
The orc priest hits your crimson imp with a +0 hand axe. x2
Your crimson imp disappears in a puff of smoke!
Your crimson imp blinks!
The worker ant bites you.
The orc priest barely misses your crimson imp.
The orc priest hits something with a +0 hand axe.
Your crimson imp blinks!
Found a yellow potion.
The worker ant bites you. The worker ant barely misses you.
Found 18 arrows.
The orc wizard gestures wildly while chanting.
The orc wizard seems to speed up.
Casting: Call Imp (safe; 7% risk of failure)
Confirm with . or Enter, or press ? or * to list all spells.
A beastly little devil appears in a puff of flame.
The worker ant completely misses you. The orc wizard closely misses you.
Your crimson imp blinks!
Your crimson imp disappears in a puff of smoke!
The worker ant bites you but does no damage.
The worker ant bites your crimson imp.
Your crimson imp is poisoned.
The worker ant poisons your crimson imp!
There is a stone staircase leading down here.
Something hits your crimson imp. The worker ant misses your crimson imp.
Something barely misses your crimson imp.
The orc priest miscasts a cantrip.
You climb downwards.
Your summoned ally is left behind.
An adder and a centaur come into view.
Found 2 rations and a cabochon ring.
There is a stone staircase leading up here.
The adder hisses angrily.
You climb upwards.
Your crimson imp disappears in a puff of smoke! x3
The orc priest mumbles some strange prayers to Beogh against you.
Beogh smites you!
Ouch! That really hurt!
* * * LOW HITPOINT WARNING * * *
There is a stone staircase leading down here.
Unknown command.
Really read
k - 2 scrolls labeled XINKIUNUNT {!r}?
As you read the scroll labeled XINKIUNUNT {!r}, it crumbles to dust.
You feel strangely unstable.
It was a scroll of teleportation {!r}.
The orc priest miscasts a cantrip.
The worker ant bites you.
* * * LOW HITPOINT WARNING * * *
Unknown command.
The orc priest calls down the wrath of Beogh upon you.
Beogh smites you!
You die...

#....#...... #.# #..
##...........##.##
#....................####
....##.....(.....#....#.###.
.....#......### ##o.........
...........######....#####..
...............###o..##..#..
#...............#...........
##......#.a@...........##...
#.!...oo##o.##...<รท....##
#...........###.........#
#............#..........#
###.....o........<........
#........................
##..................$(...
#.......................
#.......................


You could see a worker ant, an orc priest and an orc wizard.

Vanquished Creatures
  A howler monkey skeleton (D:4)
  5 adders
  An ooze (D:2)
  2 leopard geckos (D:2)
  3 orcs
  A goblin (D:2)
  A hobgoblin (D:3)
  3 bats
  3 kobolds
  A rat (D:2)
21 creatures vanquished.

Vanquished Creatures (collateral kills)
  A hound skeleton (D:4)
  A worm (D:2)
2 creatures vanquished.

Grand Total: 23 creatures vanquished

Notes
Turn   | Place    | Note
-------+----------+-------------------------------------------
     0 | D:1      | Amnesiac the Deep Elf Wizard began the quest for the Orb.
     0 | D:1      | Reached XP level 1. HP: 10/10 MP: 7/7
   124 | D:3      | Noticed Terence
   206 | D:2      | Reached skill level 5 in Spellcasting
   206 | D:2      | Reached XP level 2. HP: 15/15 MP: 3/10
   210 | D:2      | Learned a level 2 spell: Blink
   213 | D:2      | Learned a level 2 spell: Call Imp
   363 | D:2      | Reached skill level 6 in Spellcasting
   363 | D:2      | Reached XP level 3. HP: 11/19 MP: 2/12
   539 | D:2      | Learned a level 3 spell: Conjure Flame
   543 | D:2      | Learned a level 3 spell: Mephitic Cloud
   881 | D:4      | Reached XP level 4. HP: 22/24 MP: 8/14
   907 | D:4      | Reached skill level 7 in Spellcasting
  1078 | D:5      | Entered Level 5 of the Dungeon
  1078 | D:5      | Noticed a centaur
  1081 | D:4      | HP: 1/24 [worker ant (2)]
  1082 | D:4      | Killed from afar by an orc priest

Levels and vault maps discovered:
D:1:      dpeg_arrival_houses_and_road, layout_loops_ring,
          palyth_stone_intersect, minmay_indecisive_spiral
D:2:      layout_basic, kennysheep_pointless_box
D:3:      layout_rooms, lemuel_tele_altar, uniq_terence
D:4:      layout_cave_pools, first_ration
D:5:      layout_cave_pools, serial_shops, shop, st_stairs_3, kennysheep_boxes

Skill      XL: |  1  2  3  4 |
---------------+-------------+-----
Spellcasting   | 5 6 7 |  7.2
Dodging        | |  2.4
Stealth        | |  2.4
Conjurations   | |  1.1
Summonings     | |  1.1
Translocations | |  1.1

Action                   |  1- 3 |  4- 6 || total
-------------------------+-------+-------++-------
Melee: Unarmed           |     2 |       ||     2
 Cast: Magic Dart        |    50 |    16 ||    66
       Call Imp          |     4 |     5 ||     9
       Mephitic Cloud    |     1 |       ||     1
  Use: Scroll            |       |     1 ||     1
 Stab: Distracted        |     1 |       ||     1
Armor: Robe              |     3 |     1 ||     4
Dodge: Dodged            |    13 |    10 ||    23

Table legend:
 A = Non-vault XP
 B = Vault XP
 C = Vault XP percentage of total XP
 D = Non-vault monster count
 E = Vault monster count
 F = Vault count percentage of total count
                 A         B        C        D         E       F
            +---------+---------+-------+---------+---------+-------
      Total |     132 |       0 |   0.0 |      23 |       0 |   0.0
            +---------+---------+-------+---------+---------+-------
        D:2 |      65 |       0 |   0.0 |      13 |       0 |   0.0
        D:3 |       9 |       0 |   0.0 |       5 |       0 |   0.0
        D:4 |      58 |       0 |   0.0 |       5 |       0 |   0.0
            +---------+---------+-------+---------+---------+-------
